 Dungeon Crawl Stone Soup version 0.31-a0-5-g84e6b3452c (webtiles) character file.

Game seed: 6650343694215370145

92 Essalna the Firebug (level 4, -1/26 HPs)
             Began as a Tengu Fire Elementalist on May 5, 2023.
             Shot with an arrow by a centaur (11 damage)
             ... on level 5 of the Dungeon.
             The game lasted 00:04:11 (1696 turns).

Essalna the Firebug (Tengu Fire Elementalist)       Turns: 1696, Time: 00:04:11

Health: -1/26      AC:  2    Str:  8    XL:     4   Next: 60%
Magic:  6/8        EV: 12    Int: 18    God:
Gold:   72         SH:  0    Dex: 14    Spells: 6/7 levels left

rFire   + + .        g - staff of air
rCold   . . .        h - orb of Gravitas {light, *Corrode rF++ Will+ Stlth+}
rNeg    . . .        a - +0 robe
rPois   .            (helmet restricted)
rElec   +            (no cloak)
rCorr   .            (no gloves)
SInv    .            (boots unavailable)
Will    +....        (no amulet)
Stlth   +            (no ring)
HPRegen 0.24/turn    (no ring)
MPRegen 0.11/turn

%: corrode self (3%)
@: glowing
A: beak, talons 3
a: no special abilities


You were on level 5 of the Dungeon.
You visited 1 branch of the dungeon, and saw 5 of its levels.

You collected 72 gold pieces.

Inventory:

Armour
 a - a +0 robe (worn)
 h - the orb of Gravitas (worn) {light, *Corrode rF++ Will+ Stlth+}
   (You found it on level 2 of the Dungeon)

   rF:        It greatly protects you from fire.
   *Corrode:  It may corrode you when you take damage.
   Will:      It increases your willpower.
   Stlth:     It makes you more stealthy.
Magical Staves
 g - a staff of air (weapon)
Jewellery
 d - a +6 ring of intelligence
Scrolls
 c - a scroll of teleportation {unknown}
 e - 4 scrolls of identify
 f - a scroll of silence {unknown}
Potions
 b - a potion of magic
 i - a potion of brilliance {unknown}


   Skills:
 + Level 2.1 Fighting
 - Level 2.1 Dodging
 - Level 2.0 Stealth
 - Level 2.0 Spellcasting
 + Level 3.3 Conjurations
 + Level 4.2 Fire Magic


You had 6 spell levels left.
You knew the following spells:

 Your Spells              Type           Power      Damage    Failure   Level
a - Foxfire               Conj/Fire      60%        2x1d7     3%          1

Your spell library contained the following spells:

 Spells                   Type           Power      Damage    Failure   Level
 Scorch                   Fire           34%        2d6       4%          2
 Kiss of Death            Conj/Necr      28%        2d7       9%          1
 Inner Flame              Hex/Fire       9%         N/A       22%         3
 Volatile Blastmotes      Fire/Tloc      18%        2d11      22%         3
 Ignite Poison            Fire/Tmut/Pois 6%         N/A       30%         3
 Flame Wave               Conj/Fire      15%        2d7       36%         4
 Sticky Flame             Conj/Fire      15%        2d4       36%         4
 Confusing Touch          Hex            1%         N/A       47%         3
 Dispel Undead            Necr           1%         3d6       87%         4
 Ignition                 Fire           8%         3d5       100%        8


Dungeon Overview and Level Annotations

Branches:
Dungeon (5/15)
 Temple: D:4-7

Altars:
Gozag
Okawaru
Trog
Uskayaw

Annotations:
D:3 Jessica


Innate Abilities, Weirdness & Mutations

You have a beak for a mouth.
You have claws for feet.


Message History

There is a stone staircase leading down here.
You climb downwards.
There is a stone staircase leading up here.
You start resting.
Magic restored.
You start resting.
HP restored.
Found 4 stones.
Found a bloodstained altar of Trog.
c - a scroll labelled VUILI LEUHIF
Found an opulent altar of Gozag.
You see here 4 stones.
Found a hide-covered altar of Uskayaw.
You see here 4 stones.
Key pressed, stopping explore.
A hound comes into view.
The hound barks!
You see here a +6 ring of intelligence.
d - a +6 ring of intelligence You conjure some foxfire!
The foxfire hits the hound.
The hound is moderately wounded.
The foxfire hits the hound.
The hound is severely wounded.
A centaur comes into view.
The hound bites you. The hound barely misses you.
The hound attacks as you move away! The hound bites you. x2
The centaur shouts!
Casting: Foxfire (safe; 3% risk of failure)
Confirm with . or Enter, or press ? or * to list all spells.
You conjure some foxfire!
The hound bites you. x2
You hit the hound but do no damage.
The hound is heavily wounded.
The foxfire hits the hound.
The hound is severely wounded.
The foxfire hits the hound.
The hound is almost dead.
The centaur wields a +0 shortbow.
The centaur shoots an arrow.
The arrow hits you!
You die...

#.# #.#....####
#.###.#.......# _##
#..........#(.##8...8
#.#####....##.##.....
#.#####....##.#_.....
#.......#..#####.....
#######...## ##8...8
##ยง###### ##_##
#@...c.# ## #h###.#..
#.###.#.. #........
#####.... ##


You could see a centaur and a hound.

Vanquished Creatures
  An iguana (D:4)
  2 adders (D:4)
  A worm (D:2)
  A dart slug (D:1)
  3 ball pythons
  2 bats (D:1)
  5 endoplasms
  A giant cockroach (D:1)
  8 goblins
  2 hobgoblins
  3 jackals (D:1)
  A quokka (D:1)
  A frilled lizard (D:1)
  6 kobolds
  2 rats (D:1)
39 creatures vanquished.

Vanquished Creatures (others)
  134 foxfires
134 creatures vanquished.

Grand Total: 173 creatures vanquished

Notes
Turn   | Place    | Note
-------+----------+-------------------------------------------
     0 | D:1      | Essalna the Tengu Fire Elementalist began the quest for the
                  | Orb.
     0 | D:1      | Reached XP level 1. HP: 10/10 MP: 4/4
   139 | D:1      | Reached XP level 2. HP: 16/16 MP: 1/6
   357 | D:1      | Reached skill level 1 in Fighting
   661 | D:1      | Reached XP level 3. HP: 20/20 MP: 2/7
  1184 | D:2      | Identified the orb of Gravitas {light, *Corrode rF++ Will+
                  | Stlth+}
  1229 | D:3      | Noticed Jessica
  1275 | D:2      | You fall into a shaft and drop 2 floors!
  1321 | D:4      | Reached skill level 4 in Fire Magic
  1321 | D:4      | Reached XP level 4. HP: 26/26 MP: 0/8
  1376 | D:4      | Noticed a phantom
  1499 | D:4      | Found an iron altar of Okawaru.
  1552 | D:4      | Noticed an ogre
  1565 | D:4      | HP: 1/26 [ogre/+0 giant club (10)]
  1570 | D:4      | HP: 1/26 [adder (1)]
  1583 | D:5      | Entered Level 5 of the Dungeon
  1666 | D:5      | Found a bloodstained altar of Trog.
  1672 | D:5      | Found an opulent altar of Gozag.
  1675 | D:5      | Found a hide-covered altar of Uskayaw.
  1691 | D:5      | Noticed a centaur
  1696 | D:5      | Shot with an arrow by a centaur

Illustrated notes

Levels and vault maps discovered:
D:1:      lightli_arrival_chessboard, layout_basic, grunt_decor_cap,
          chequers_serial_rivers_room_a, minmay_misc_feat_chi
D:2:      layout_loops_cross
D:3:      minmay_chambers_of_threes, layout_basic, lemuel_doored_altar,
          grunt_temple_overflow_open, slow_altar_2, gup_sewer_entry_bowl,
          ebering_ecumenical_altar_hall, chequers_serial_rivers_micro_d,
          minmay_misc_feat_x, uniq_jessica
D:4:      layout_basic, mainiacjoe_overflow_six_doors_small
D:5:      layout_loops_ring, nicolae_overflow_hidden_temple,
          minmay_temple_entry_antechambers, serial_shops,
          nicolae_shop_hallway_stairs, minmay_tree_intersection,
          saegor_snake_ambush

Skill      XL: |  1  2  3  4 |
---------------+-------------+-----
Conjurations   | 2 3 |  3.3
Fighting       | 1 2 |  2.1
Fire Magic     | 4 |  4.2
Dodging        | |  2.1
Stealth        | |  2.0
Spellcasting   | |  2.0

Action                     |  1- 3 |  4- 6 || total
---------------------------+-------+-------++-------
  Melee: Unarmed           |    25 |       ||    25
         Kick              |     7 |     3 ||    10
         Peck              |     4 |     4 ||     8
         Punch             |     1 |       ||     1
         Staff             |     4 |    13 ||    17
   Cast: Foxfire           |    68 |    14 ||    82
    Use: Scroll            |       |     2 ||     2
         Potion            |       |     1 ||     1
   Stab: Sleeping          |     2 |       ||     2
 Armour: Robe              |     4 |     3 ||     7
  Dodge: Dodged            |    20 |    20 ||    40

Table legend: (Time is in decaauts)
 A = Elapsed time spent in this place.
 B = Non-inter-level travel time spent in this place.
 C = Inter-level travel time spent in this place.
 D = Time resting spent in this place.
 E = Time spent auto-exploring this place.
 F = Levels seen in this place.
 G = Mean time per level.
                   A        B        C        D        E       F      G
               +--------+--------+--------+--------+--------+-----+--------+
         Total |   1698 |   1587 |    111 |     68 |   1052 |   5 |  339.6 |
       Dungeon |   1698 |   1587 |    111 |     68 |   1052 |   5 |  339.6 |
               +--------+--------+--------+--------+--------+-----+--------+

Top non-repeatable levels by time:
     D:1: 1059 daAuts
     D:4: 310 daAuts
     D:2: 207 daAuts
     D:5: 112 daAuts
     D:3: 7 daAuts
